 Dungeon Crawl Stone Soup version 0.26-a0-854-gdc81c2f471 (webtiles) character file.

Game seed: 7577413049534435970

294 robertstho the Chiller (level 6, -2/44 HPs)
             Began as a Gnoll Ice Elementalist on Nov 23, 2020.
             Was an Initiate of Okawaru.
             Killed by nerve-wracking pain
             ... invoked by a shadow imp
              (9 damage)
             ... on level 5 of the Dungeon.
             The game lasted 00:04:54 (3965 turns).

robertstho the Chiller (Gnoll Ice Elementalist)     Turns: 3965, Time: 00:04:56

Health: -2/44      AC:  6    Str: 10    XL:     6   Next: 33%
Magic:  2/14       EV: 14    Int: 19    God:    Okawaru [......]
Gold:   230        SH:  0    Dex: 16    Spells: 14/15 levels left

rFire    . . .     SeeInvis .   m - +0 spear
rCold    + . .     Faith    .   (no shield)
rNeg     . . .     Spirit   .   d - +2 leather armour {rC+}
rPois    .         Reflect  .   (no helmet)
rElec    .         Harm     .   (no cloak)
rCorr    .         Rampage  .   h - +0 pair of gloves
MR       .....                  (no boots)
Stlth    +++.......             (no amulet)
HPRegen  0.14/turn              (no ring)
MPRegen  0.14/turn              (no ring)

@: no status effects
A: distributed training, fangs 1, strong nose
a: Renounce Religion


You were on level 5 of the Dungeon.
You worshipped Okawaru.
Okawaru was noncommittal.
You visited 1 branch of the dungeon, and saw 5 of its levels.

You collected 230 gold pieces.

Inventory:

Hand Weapons
 b - a +0 whip
 m - a +0 spear (weapon)
Armour
 a - a +0 robe
 d - a +2 leather armour of cold resistance (worn)
 h - a +0 pair of gloves (worn)
Jewellery
 l - a cursed amulet of guardian spirit {unknown}
 p - an uncursed amulet of the acrobat {unknown}
 q - a cursed amulet of inaccuracy {unknown}
 t - an uncursed ring of protection from cold {unknown}
 w - an uncursed amulet of reflection {unknown}
Wands
 v - a wand of iceblast (5)
Scrolls
 f - a scroll of enchant armour {unknown}
 g - 3 scrolls of remove curse {unknown}
 j - a scroll of magic mapping {unknown}
 k - 6 scrolls of identify {unknown}
 r - 2 scrolls of teleportation {unknown}
 x - a scroll of amnesia {unknown}
 y - a scroll of random uselessness {unknown}
Potions
 c - a potion of berserk rage {unknown}
 e - 4 potions of mutation {unknown}
 i - a potion of might {unknown}
 n - a potion of curing {unknown}
 o - 2 potions of invisibility {unknown}
 s - a potion of lignification {unknown}
 u - a potion of magic {unknown}
 z - a potion of haste {unknown}


   Skills:
 + Level 1.9 Fighting
 + Level 1.9 Short Blades
 + Level 1.9 Long Blades
 + Level 1.9 Axes
 + Level 1.9 Maces & Flails
 + Level 1.9 Polearms
 + Level 1.9 Staves
 + Level 1.9 Slings
 + Level 1.9 Bows
 + Level 1.9 Crossbows
 + Level 1.9 Throwing
 + Level 1.9 Armour
 + Level 5.0 Dodging
 + Level 4.6 Stealth
 + Level 1.9 Shields
 + Level 1.9 Unarmed Combat
 + Level 5.3 Spellcasting
 + Level 1.5 Conjurations
 + Level 1.5 Hexes
 + Level 1.5 Summonings
 + Level 1.5 Necromancy
 + Level 1.5 Translocations
 + Level 1.5 Transmutations
 + Level 1.5 Fire Magic
 + Level 7.3 Ice Magic
 + Level 1.5 Air Magic
 + Level 1.5 Earth Magic
 + Level 1.5 Poison Magic
 + Level 2.1 Invocations
 + Level 1.9 Evocations


You had 14 spell levels left.
You knew the following spells:

 Your Spells              Type           Power        Failure   Level
a - Freeze                Ice            ####         1%          1

Your spell library contained the following spells:

 Spells                   Type           Power        Failure   Level
 Frozen Ramparts          Ice            ####..       2%          3
 Ozocubu's Armour         Ice            ####....     2%          3
 Hailstorm                Conj/Ice       ###.....     26%         4
 Summon Ice Beast         Ice/Summ       ###.....     26%         4


Dungeon Overview and Level Annotations

Branches:
Dungeon (5/15)
 Temple: D:4-7

Altars:
Kikubaaqudgha
Okawaru
Ru
Zin

Shops:
D:4 }


Innate Abilities, Weirdness & Mutations

Your experience applies equally to all skills.
You have very sharp teeth.
Your uncanny sense of smell can sniff out nearby items.


Message History

Increase (S)trength, (I)ntelligence, or (D)exterity?
You feel clever.
Things that are here:
a cursed +0 giant club; a giant cockroach corpse; a hound corpse A shadow imp comes into view.
A shadow imp is nearby!
A shadow imp is nearby!
A shadow imp is nearby!
A shadow imp is nearby!
The shadow imp shouts!
The shadow imp hits you but does no damage.
You hit the shadow imp but do no damage.
The shadow imp sputters.
The shadow imp misses you.
You hit the shadow imp. Your bite misses the shadow imp.
The shadow imp is lightly wounded.
An orc comes into view.
It is wielding a +0 club and wearing a +0 ring mail of cold resistance.
The shadow imp gestures at you. Pain shoots through your body!
You die...

.... #... #..#
#..###+## +.......# .
#.......#
....##.......#
......5@.....#
...o###+##)###########
. #..##.###..#....###
#.................#
#............#....#
#............#....#
#.>..........#....#
##+##.##.##..##..##
#.#########....


You could see a shadow imp and an orc (wandering).

Vanquished Creatures
  An ogre (D:5)
  3 hounds
  An orc wizard (D:4)
  An adder (D:4)
  An adder skeleton (D:2)
  A worm (D:2)
  2 dart slugs
  7 orcs
  7 bats
  4 giant cockroaches
  6 goblins
  6 hobgoblins
  2 jackals (D:2)
  5 kobolds
  2 quokkas
  7 frilled lizards
  6 rats
62 creatures vanquished.

Notes
Turn   | Place    | Note
-------+----------+-------------------------------------------
     0 | D:1      | robertstho the Gnoll Ice Elementalist began the quest for
                  | the Orb.
     0 | D:1      | Reached XP level 1. HP: 13/13 MP: 6/6
   205 | D:1      | Reached XP level 2. HP: 19/19 MP: 4/7
  1165 | D:2      | Reached XP level 3. HP: 25/25 MP: 7/9
  1166 | D:2      | Reached skill level 5 in Spellcasting
  1246 | D:2      | Found an iron altar of Okawaru.
  1510 | D:2      | Became a worshipper of Warmaster Okawaru
  1585 | D:2      | Found a glowing silver altar of Zin.
  1669 | D:2      | Reached skill level 1 in Invocations
  2247 | D:3      | Reached skill level 1 in Fighting
  2247 | D:3      | Reached skill level 1 in Short Blades
  2247 | D:3      | Reached skill level 1 in Long Blades
  2247 | D:3      | Reached skill level 1 in Axes
  2247 | D:3      | Reached skill level 1 in Maces & Flails
  2247 | D:3      | Reached skill level 1 in Polearms
  2247 | D:3      | Reached skill level 1 in Staves
  2247 | D:3      | Reached skill level 1 in Slings
  2247 | D:3      | Reached skill level 1 in Bows
  2247 | D:3      | Reached skill level 1 in Crossbows
  2247 | D:3      | Reached skill level 1 in Throwing
  2247 | D:3      | Reached skill level 1 in Armour
  2247 | D:3      | Reached skill level 1 in Shields
  2247 | D:3      | Reached skill level 1 in Unarmed Combat
  2247 | D:3      | Reached skill level 1 in Evocations
  2614 | D:3      | Reached skill level 1 in Conjurations
  2614 | D:3      | Reached skill level 1 in Hexes
  2614 | D:3      | Reached skill level 1 in Summonings
  2614 | D:3      | Reached skill level 1 in Necromancy
  2614 | D:3      | Reached skill level 1 in Translocations
  2614 | D:3      | Reached skill level 1 in Transmutations
  2614 | D:3      | Reached skill level 1 in Fire Magic
  2614 | D:3      | Reached skill level 1 in Air Magic
  2614 | D:3      | Reached skill level 1 in Earth Magic
  2614 | D:3      | Reached skill level 1 in Poison Magic
  2614 | D:3      | Reached XP level 4. HP: 25/32 MP: 11/11
  2684 | D:3      | Found a sacrificial altar of Ru.
  3134 | D:4      | Found Ishrunlup's Gadget Emporium.
  3226 | D:4      | Reached XP level 5. HP: 30/37 MP: 4/12
  3384 | D:4      | Found an ancient bone altar of Kikubaaqudgha.
  3866 | D:5      | Entered Level 5 of the Dungeon
  3934 | D:5      | Noticed an ogre
  3951 | D:5      | Killed an ogre
  3952 | D:5      | Reached skill level 5 in Dodging
  3952 | D:5      | Reached XP level 6. HP: 5/44 MP: 0/14
  3965 | D:5      | Killed from afar by a shadow imp

Illustrated notes

Levels and vault maps discovered:
D:1:      minmay_arrival_arboretum_small, layout_basic, serial_bayou_pond_c
D:2:      layout_loops_ring, lemuel_round_altar, nicolae_overflow_hidden_temple,
          grunt_ministairs_12, patterned_corridor
D:3:      layout_basic, hex_large, nicolae_ru_awakened_eye
D:4:      layout_basic, kiku_gazebo_pond_becter, serial_shops,
          kennysheep_mini_moat
D:5:      layout_gridville, gammafunk_temple_overflow_statue,
          minmay_temple_entry_large_hall, uniq_edmund

Skill      XL: |  1  2  3  4  5 |
---------------+----------------+-----
Spellcasting   | 5 |  5.3
Invocations    | 1 2 |  2.1
Fighting       | 1 |  1.9
Short Blades   | 1 |  1.9
Long Blades    | 1 |  1.9
Axes           | 1 |  1.9
Maces & Flails | 1 |  1.9
Polearms       | 1 |  1.9
Staves         | 1 |  1.9
Slings         | 1 |  1.9
Bows           | 1 |  1.9
Crossbows      | 1 |  1.9
Throwing       | 1 |  1.9
Armour         | 1 |  1.9
Shields        | 1 |  1.9
Unarmed Combat | 1 |  1.9
Evocations     | 1 |  1.9
Conjurations   | 1 |  1.5
Hexes          | 1 |  1.5
Summonings     | 1 |  1.5
Necromancy     | 1 |  1.5
Translocations | 1 |  1.5
Transmutations | 1 |  1.5
Fire Magic     | 1 |  1.5
Air Magic      | 1 |  1.5
Earth Magic    | 1 |  1.5
Poison Magic   | 1 |  1.5
Dodging        | 5 |  5.0
Stealth        | |  4.6
Ice Magic      | |  7.3

Action                   |  1- 3 |  4- 6 || total
-------------------------+-------+-------++-------
Melee: Whip              |    44 |       ||    44
       Bite              |     8 |     5 ||    13
       Spear             |    90 |    34 ||   124
       Punch             |     1 |       ||     1
 Cast: Freeze            |    26 |    28 ||    54
 Stab: Sleeping          |    12 |     1 ||    13
Armor: Leather armour    |    32 |    18 ||    50
Dodge: Dodged            |   112 |    31 ||   143

Table legend: (Time is in decaauts)
 A = Elapsed time spent in this place.
 B = Non-inter-level travel time spent in this place.
 C = Inter-level travel time spent in this place.
 D = Time resting spent in this place.
 E = Time spent auto-exploring this place.
 F = Levels seen in this place.
 G = Mean time per level.
                   A        B        C        D        E       F      G
               +--------+--------+--------+--------+--------+-----+--------+
         Total |   3977 |   3771 |    206 |      0 |   3194 |   5 |  795.4 |
       Dungeon |   3977 |   3771 |    206 |      0 |   3194 |   5 |  795.4 |
               +--------+--------+--------+--------+--------+-----+--------+

Top non-repeatable levels by time:
     D:1: 1165 daAuts
     D:2: 1024 daAuts
     D:4: 855 daAuts
     D:3: 833 daAuts
     D:5: 98 daAuts
